 Dungeon Crawl Stone Soup version 0.30-a0-557-ge2afbf3030 (webtiles) character file.

Game seed: 9869160853487967610

23 stormannn the Chiller (level 2, -1/19 HPs)
             Began as a Mummy Ice Elementalist on Dec 28, 2022.
             Killed from afar by Sigmund (7 damage)
             ... with a magic dart
             ... on level 2 of the Dungeon.
             The game lasted 00:05:13 (1193 turns).

stormannn the Chiller (Mummy Ice Elementalist)      Turns: 1193, Time: 00:05:14

Health: -1/19      AC:  2    Str: 17    XL:     2   Next: 72%
Magic:  0/6        EV: 12    Int: 14    God:
Gold:   51         SH:  0    Dex: 18    Spells: 6/7 levels left

rFire   x . .      SeeInvis .    (no weapon)
rCold   + . .      Faith    +    (no shield)
rNeg    + + +      Spirit   .    a - +0 robe
rPois   ∞          Reflect  .    (no helmet)
rElec   .          Harm     .    (no cloak)
rCorr   .          Rampage  .    (no gloves)
Will    .....                    (no boots)
Stlth   +                        (no amulet)
HPRegen 0.23/turn                b - +6 ring of dexterity
MPRegen 0.10/turn                e - +6 ring of strength

@: confused, very slightly contaminated
A: cold resistance 1, negative energy resistance 3, torment resistance 2, heat
vulnerability 1, no potions, faith
a: no special abilities


You were on level 2 of the Dungeon.
You visited 1 branch of the dungeon, and saw 2 of its levels.

You collected 51 gold pieces.

Inventory:

Armour
 a - a +0 robe (worn)
Jewellery
 b - a +6 ring of dexterity (left hand)
 e - a +6 ring of strength (right hand)
Scrolls
 c - a scroll of identify
 d - a scroll of brand weapon


   Skills:
 + Level 1.9 Dodging
 - Level 1.5 Stealth
 + Level 3.1 Spellcasting
 * Level 3.6 Ice Magic


You had 6 spell levels left.
You knew the following spells:

 Your Spells              Type           Power      Damage    Failure   Level
a - Freeze                Ice            48%        1d6       4%          1

Your spell library contained the following spells:

 Spells                   Type           Power      Damage    Failure   Level
 Frozen Ramparts          Ice            24%        1d4       14%         3
 Ozocubu's Armour         Ice            12%        N/A       14%         3
 Summon Ice Beast         Ice/Summ       7%         N/A       69%         4


Dungeon Overview and Level Annotations

Branches:
Dungeon (2/15)

Altars:

Annotations:
D:2 Sigmund


Innate Abilities, Weirdness & Mutations

You are immune to poison.
Your flesh is cold resistant. (rC+)
You are immune to negative energy. (rN+++)
You are immune to unholy pain and torment.
You are vulnerable to heat. (rF-)
You do not drink.
You have a special connection with the divine. (Faith)


Message History

Nothing appears to happen.
Sigmund casts a spell.
Sigmund flickers and vanishes!
Deactivating autopickup; reactivate with Ctrl-A.
Casting: Freeze (safe; 4% risk of failure)
Confirm with . or Enter, or press ? or * to list all spells.
You can't see any susceptible monsters within range! (Use Z to cast anyway.)
Casting: Freeze (safe; 4% risk of failure)
Confirm with . or Enter, or press ? or * to list all spells.
Aiming: Freeze (safe; 4% risk of failure)
Press: ? - help, Shift-Dir - straight line You freeze something.
Something barely misses you.
Casting: Freeze (safe; 4% risk of failure)
Confirm with . or Enter, or press ? or * to list all spells.
Aiming: Freeze (safe; 4% risk of failure)
Press: ? - help, Shift-Dir - straight line You freeze something.
Casting: Freeze (safe; 4% risk of failure)
Confirm with . or Enter, or press ? or * to list all spells.
Aiming: Freeze (safe; 4% risk of failure)
Press: ? - help, Shift-Dir - straight line You freeze something.
Something hits you.
Casting: Freeze (safe; 4% risk of failure)
Confirm with . or Enter, or press ? or * to list all spells.
Aiming: Freeze (safe; 4% risk of failure)
Press: ? - help, Shift-Dir - straight line You freeze something.
You hear some strange, mumbled words.
You are confused.
You are too confused!
Okay, then.
You barely miss the hobgoblin.
You hear some strange, mumbled words.
Something tries to affect you, but you resist.
The hobgoblin hits you. The hobgoblin hits you.
You hear some strange, mumbled words.
A magic dart appears from out of thin air!
The magic dart hits you!
You die...

..# #. #.# #. #.## #.
#.###..## .. ####...
####.......###.###.......
.....[.................#
#...........###.........
#$.g@................
#....{....##.........
#.........##.........
#.........##.........
#####....##..........
##...............
##.##...........
###########....#.........
.........................


You could see a hobgoblin.

Vanquished Creatures
  An adder (D:2)
  A dart slug (D:2)
  2 bats
  2 goblins (D:1)
  A hobgoblin (D:2)
  3 quokkas
  A kobold (D:2)
11 creatures vanquished.

Notes
Turn   | Place    | Note
-------+----------+-------------------------------------------
     0 | D:1      | stormannn the Mummy Ice Elementalist began the quest for
                  | the Orb.
     0 | D:1      | Reached XP level 1. HP: 13/13 MP: 4/4
    74 | D:1      | Found a faded altar of an unknown god.
   874 | D:2      | Reached XP level 2. HP: 2/19 MP: 1/6
   959 | D:2      | Noticed Sigmund
  1162 | D:2      | Identified the +1 robe of Insecurity {Dex+4}
  1193 | D:2      | Killed from afar by Sigmund

Illustrated notes

Levels and vault maps discovered:
D:1:      dpeg_arrival_ternary, layout_basic,
          ebering_ecumenical_altar_abandoned, nicolae_figureground_pulse
D:2:      layout_rooms, chequers_avenue, chequers_serial_rivers_micro_e,
          uniq_sigmund

Skill      XL: |  1 |
---------------+----+-----
Spellcasting   | 3 |  3.1
Dodging        | |  1.9
Stealth        | |  1.5
Ice Magic      | |  3.6

Action                   || total
-------------------------++-------
Melee: Unarmed           ||     4
 Cast: Freeze            ||    30
  Use: Scroll            ||     1
Armor: Robe              ||     2
Dodge: Dodged            ||    20

Table legend: (Time is in decaauts)
 A = Elapsed time spent in this place.
 B = Non-inter-level travel time spent in this place.
 C = Inter-level travel time spent in this place.
 D = Time resting spent in this place.
 E = Time spent auto-exploring this place.
 F = Levels seen in this place.
 G = Mean time per level.
                   A        B        C        D        E       F      G
               +--------+--------+--------+--------+--------+-----+--------+
         Total |   1193 |   1092 |    101 |    163 |    778 |   2 |  596.5 |
       Dungeon |   1193 |   1092 |    101 |    163 |    778 |   2 |  596.5 |
               +--------+--------+--------+--------+--------+-----+--------+

Top non-repeatable levels by time:
     D:1: 960 daAuts
     D:2: 233 daAuts
